 Dungeon Crawl Stone Soup version 0.31-a0-167-g1c394c0614 (webtiles) character file.

Game seed: 7788933520976823661

88 qw the Chopper (level 4, -1/28 HPs)
             Began as a Gargoyle Fighter on June 14, 2023.
             Killed from afar by Natasha (2 damage)
             ... with a magic dart
             ... on level 3 of the Dungeon.
             The game lasted 00:00:59 (1659 turns).

qw the Chopper (Gargoyle Fighter)                   Turns: 1659, Time: 00:00:59

Health: -1/28      AC: 12    Str: 21    XL:     4   Next: 53%
Magic:  4/4        EV:  9    Int:  9    God:
Gold:   130        SH:  4    Dex:  9    Spells: 3/3 levels left

rFire   . . .        Y - +1 war axe
rCold   . . .        c - +0 buckler
rNeg    + . .        b - +0 scale mail
rPois   inf          h - +1 helmet
rElec   +            (no cloak)
rCorr   .            (no gloves)
SInv    .            (no boots)
Will    .....        (no amulet) Stlth
                     (no ring)
HPRegen 0.24/turn    (no ring)
MPRegen 0.09/turn

%: no passive effects
@: about to teleport
A: sickness immunity, AC +3, negative energy resistance 1, electricity
resistance, torment resistance 1, petrification resistance
a: no special abilities


You were on level 3 of the Dungeon.
You visited 1 branch of the dungeon, and saw 3 of its levels.

You collected 130 gold pieces.


Innate Abilities, Weirdness & Mutations

You are immune to sickness and miasma.
Your stone body is resilient. (AC +3)
You are immune to poison.
You resist negative energy. (rN+)
You are resistant to electric shocks. (rElec)
You are resistant to unholy torment.
You are immune to petrification.


   Skills:
 - Level 3.2 Fighting
 + Level 4.2 Axes
 - Level 3.2 Armour
 - Level 3.2 Shields


You had 3 spell levels left.
You didn't know any spells.
Your spell library was empty.

Inventory:

Hand Weapons
 i - a +0 flail of protection
 Y - a +1 war axe (weapon)
Missiles
 a - 3 boomerangs of dispersal
Armour
 b - a +0 scale mail (worn)
 c - a +0 buckler (worn)
 h - a +1 helmet (worn)
Scrolls
 g - 2 scrolls of teleportation
Potions
 d - a potion of might
 f - a potion of enlightenment {unknown}
 l - a potion of invisibility {unknown}

Dungeon Overview and Level Annotations

Branches:
Dungeon (3/15)

Altars:

Annotations:
D:3 Natasha


Message History

You block the cerulean imp's attack.
The cerulean imp hits you but does no damage.
You hit the cerulean imp.
You kill the cerulean imp!
The cerulean imp disappears in a puff of smoke!
You block the cerulean imp's attack. Natasha claws you but does no damage.
You barely miss Natasha. You block the cerulean imp's attack.
Natasha barely misses you.
You hit Natasha.
Natasha is moderately wounded.
The cerulean imp hits you but does no damage.
Natasha casts a spell at you. The magic dart hits you!
The cerulean imp closely misses you. Natasha casts a spell at you.
The magic dart hits you.
You closely miss Natasha.
Natasha is moderately wounded.
The cerulean imp hits you but does no damage.
Natasha hisses.
Natasha claws you.
You hit Natasha.
Natasha is heavily wounded.
You block the cerulean imp's attack. Natasha claws you.
You barely miss Natasha.
Natasha is heavily wounded.
The cerulean imp hits you but does no damage.
Natasha claws you!
The cerulean imp hits you from afar with a +2 spear.
You block Natasha's attack.
1658 ||| READING 3 scrolls of teleportation.
As you read the scroll of teleportation, it crumbles to dust.
You feel strangely unstable.
The cerulean imp hits you but does no damage.
Natasha claws you but does no damage.
You hit Natasha.
Natasha is severely wounded.
The cerulean imp barely misses you. Natasha casts a spell at you.
The magic dart hits you.
You die...

#.# #.# #<# #.#
###.# #...# #.###
# #.#######
....####@....[.#
#......h.#####.#
#..#####5#####.###
#.##......##
#.#........###.
#...
#..............
#...#
#..........###.
#...# #.#...#..###
#...# #.#.#.#..#


You could see Natasha and a cerulean imp (summoned).

Vanquished Creatures
  Robin (D:2)
  2 adders (D:2)
  A worm (D:2)
  2 dart slugs
  5 ball pythons
  5 endoplasms
  4 giant cockroaches
  7 goblins (D:2)
  3 hobgoblins
  6 jackals
  4 kobolds
  A quokka (D:1)
  2 bats
  2 frilled lizards (D:1)
  2 rats
47 creatures vanquished.

Notes
Turn   | Place    | Note
-------+----------+-------------------------------------------
     0 | D:1      | qw the Gargoyle Fighter began the quest for the Orb.
     0 | D:1      | Reached XP level 1. HP: 14/14 MP: 1/1
     0 | D:1      | 0 ||| qw: Version: 0.2-a-29-g1fa15c8
     0 | D:1      | 0 ||| qw: Game counter: 4894
     0 | D:1      | 0 ||| qw: Always use a shield: true
     0 | D:1      | 0 ||| qw: God list: Okawaru
     0 | D:1      | 0 ||| qw: Allow faded altars: false
     0 | D:1      | 0 ||| qw: Do Orc after D:15 true
     0 | D:1      | 0 ||| qw: Do second Lair branch before Depths: true
     0 | D:1      | 0 ||| qw: Lair rune preference: random
     0 | D:1      | 0 ||| qw: Plans: Normal, Zot:1-4, Slime:5, God:TSO, Crypt,
                  | Tomb, Abyss, Pan, Hells, Win
     0 | D:1      | 0 ||| PLANNING D:1-11
    18 | D:1      | 18 ||| Stepping ~*~*~tactically~*~*~ (stealth).
    25 | D:1      | Reached skill level 2 in Axes
    53 | D:1      | 53 ||| Stepping ~*~*~tactically~*~*~ (stealth).
    59 | D:1      | Reached XP level 2. HP: 19/19 MP: 2/2
   464 | D:1      | 464 ||| Stepping ~*~*~tactically~*~*~ (hiding).
   471 | D:1      | Reached skill level 3 in Axes
   516 | D:1      | Reached XP level 3. HP: 23/23 MP: 3/3
   652 | D:1      | 652 ||| READING scroll labelled KATZEA LAGHOE.
   653 | D:1      | 653 ||| READING scroll labelled ITHROEN POUCKAV.
   656 | D:1      | 656 ||| READING scroll labelled ICHOME CUEROPP.
   657 | D:1      | 657 ||| READING scroll labelled BECAZE CAWY.
   711 | D:2      | 711 ||| Stepping ~*~*~tactically~*~*~ (hiding).
   789 | D:2      | 789 ||| Stepping ~*~*~tactically~*~*~ (stealth).
   960 | D:2      | Noticed Robin
   968 | D:2      | Killed Robin
   982 | D:2      | Reached XP level 4. HP: 28/28 MP: 4/4
   999 | D:2      | 999 ||| DROPPING +0 club.
  1011 | D:2      | 1011 ||| Stepping ~*~*~tactically~*~*~ (stealth).
  1140 | D:2      | Reached skill level 4 in Axes
  1224 | D:2      | 1224 ||| Stepping ~*~*~tactically~*~*~ (stealth).
  1419 | D:2      | 1419 ||| UPGRADING to +0 helmet.
  1424 | D:2      | 1424 ||| READING 2 scrolls labelled BAVIYSTEZXE.
  1425 | D:2      | 1425 ||| READING scroll of enchant armour.
  1425 | D:2      | 1425 ||| ENCHANTING +0 helmet.
  1426 | D:2      | 1426 ||| READING scroll labelled JOSCHE MEODWUPU.
  1427 | D:2      | 1427 ||| READING scroll labelled CAEDEA JITAEPT.
  1428 | D:2      | 1428 ||| READING scroll labelled NOSUWA MINI.
  1495 | D:3      | 1495 ||| Stepping ~*~*~tactically~*~*~ (stealth).
  1527 | D:3      | 1527 ||| Stepping ~*~*~tactically~*~*~ (stealth).
  1529 | D:3      | 1529 ||| Stepping ~*~*~tactically~*~*~ (hiding).
  1530 | D:3      | 1530 ||| Stepping ~*~*~tactically~*~*~ (hiding).
  1636 | D:3      | Noticed Natasha
  1637 | D:3      | 1637 ||| Stepping ~*~*~tactically~*~*~ (hiding).
  1638 | D:3      | 1638 ||| Stepping ~*~*~tactically~*~*~ (hiding).
  1657 | D:3      | HP: 2/28 [Natasha (7)]
  1658 | D:3      | 1658 ||| READING 3 scrolls of teleportation.
  1659 | D:3      | Killed from afar by Natasha

Levels and vault maps discovered:
D:1:      grunt_arrival_crossed_arrows, layout_basic,
          chequers_serial_rivers_small_b, minmay_misc_feat_iff
D:2:      layout_basic, uniq_robin
D:3:      layout_loops_cross, marbit_many_paths,
          hellmonk_ecumenical_altar_blasted, grunt_ministairs_15, minivault_24,
          uniq_natasha

Skill      XL: |  1  2  3  4 |
---------------+-------------+-----
Axes           | 2 3 4 |  4.2
Fighting       | |  3.2
Armour         | |  3.2
Shields        | |  3.2

Action                     |  1- 3 |  4- 6 || total
---------------------------+-------+-------++-------
  Melee: War axe           |    95 |    73 ||   168
    Use: Scroll            |     4 |     6 ||    10
 Armour: Scale mail        |    39 |    49 ||    88
  Dodge: Dodged            |    50 |    39 ||    89
  Block: Buckler           |    20 |    22 ||    42

Table legend:
 A = Non-vault XP
 B = Vault XP
 C = Vault XP percentage of total XP
 D = Non-vault monster count
 E = Vault monster count
 F = Vault count percentage of total count
                 A         B        C        D         E       F
            +---------+---------+-------+---------+---------+-------
      Total |     100 |      26 |  20.6 |      40 |       7 |  14.9
            +---------+---------+-------+---------+---------+-------
        D:1 |      34 |       0 |   0.0 |      18 |       0 |   0.0
        D:2 |      57 |      26 |  31.3 |      16 |       7 |  30.4
        D:3 |       9 |       0 |   0.0 |       6 |       0 |   0.0
            +---------+---------+-------+---------+---------+-------
